Map: King's Cove LE

Players

TLO

  • Race: Zerg Zerg
  • Spawn Location: 11:00

PtitDrogo - Winner!

  • Race: Protoss Protoss
  • Spawn Location: 5:00

Event: 2019 WCS Summer

VOD

Have the link to the VOD?

Description

Time

  • Played on: July 12, 2019, 11:18 a.m.
  • Length: 7:45

All games in this series

Show
View Real Time Build Order
Export as new Build Order

TLO Zerg 

Build Orders: Hatch First 

Get SALT Encoding   

  12  0:00  Drone  
  13  0:12  Overlord  
  13  0:18  Drone  
  14  0:30  Drone  
  14  0:31  Drone  
  16  0:49  Hatchery  
  15  0:52  Drone  
  15  0:56  Drone  
  17  1:10  Spawning Pool  
  16  1:15  Drone  
  16  1:17  Extractor  
  16  1:18  Drone  
  16  1:21  Drone  
  18  1:28  Drone  
  19  1:38  Drone  
  20  1:49  Overlord  
  20  1:57  Queen  
  20  2:01  Zergling x2, Queen  
  24  2:04  Zergling x2  
  26  2:11  Drone  
  26  2:12  Drone  
  28  2:21  Drone  
  29  2:23  Drone  
  30  2:33  Hatchery  
  30  2:36  Drone  
  30  2:43  Drone  
  31  2:45  Queen  
  31  2:50  Overlord  
  33  2:54  Metabolic Boost  
  34  2:58  Drone  
  34  3:00  Drone  
  34  3:03  Zergling x2  
  36  3:09  Drone x2  
  36  3:11  Drone  
  39  3:14  Drone  
  39  3:15  Drone  
  39  3:18  Overlord  
  42  3:20  Drone  
  42  3:28  Drone, Evolution Chamber  
  42  3:33  Queen  
  44  3:37  Spore Crawler  
  44  3:38  Drone  
  44  3:45  Drone  
  44  3:46  Drone  
  46  3:51  Drone  
  46  3:54  Zerg Melee Weapons Level 1  
  47  3:58  Drone  
  47  3:59  Queen, Overlord  
  47  4:00  Spore Crawler  
  47  4:01  Drone  
  50  4:04  Zergling x2, Drone  
  50  4:09  Overlord  
  52  4:12  Drone  
  52  4:16  Drone, Overlord  
  54  4:18  Zergling x4  
  54  4:21  Spore Crawler  
  55  4:25  Zergling x4  
  55  4:26  Drone  
  55  4:28  Drone  
  55  4:29  Zergling x2  
  55  4:31  Drone  
  61  4:43  Zergling x10, Spore Crawler  
  64  4:49  Lair  
  64  4:51  Drone, Extractor  
  64  4:53  Zergling x2, Drone  
  64  4:57  Zergling x4  
  66  5:02  Zergling x6  
  66  5:04  Overlord  
  69  5:07  Zergling x2  
  69  5:08  Zergling x2  
  68  5:15  Drone x2  
  68  5:16  Drone x2  
  68  5:20  Drone  
  68  5:21  Drone x2, Extractor x2  
  72  5:22  Drone, Overlord  
  72  5:24  Drone  
  72  5:25  Drone  
  72  5:27  Drone  
  76  5:28  Drone  
  76  5:29  Drone  
  76  5:31  Drone  
  76  5:33  Drone  
  79  5:38  Drone  
  79  5:46  Zergling x2  
  79  5:49  Hydralisk Den, Queen  
  81  5:50  Overseer  
  81  5:52  Zergling x4, Spine Crawler  
  81  5:55  Zergling x8  
  81  5:56  Zergling x2  
  87  6:00  Baneling Nest  
  86  6:08  Zergling x2  
  86  6:09  Overlord  
  86  6:10  Overlord x2  
  87  6:15  Overlord  
  87  6:17  Drone x2, Overlord  
  89  6:23  Muscular Augments  
  89  6:26  Overlord  
  89  6:27  Hydralisk  
  89  6:28  Drone x2  
  93  6:35  Hydralisk x2, Drone  
  98  6:41  Hydralisk  
  98  6:47  Drone  
  100  6:49  Drone x3  
  100  6:50  Drone  
  100  6:51  Drone x2  
  100  6:52  Drone  
  100  6:56  Hydralisk x3  
  100  6:57  Hydralisk  
  100  7:00  Hydralisk  
  108  7:03  Hydralisk  
  108  7:07  Hydralisk  
  108  7:08  Hydralisk  
  108  7:11  Zergling x2  
  108  7:12  Zergling x4  
  108  7:13  Zergling x2  
  107  7:18  Hydralisk  
Show
View Real Time Build Order
Export as new Build Order

PtitDrogo Protoss - Winner!

Build Orders: 1 Gate Expand, Zealot Archon, Archon Drop, Dark Templar Rush 

Get SALT Encoding   

  12  0:00  Probe  
  13  0:12  Probe  
  14  0:18  Pylon  
  14  0:24  Probe  
  15  0:33  Probe  
  15  0:39  Gateway  
  15  0:41  Probe  
  16  0:48  Assimilator  
  17  0:51  Probe  
  18  1:03  Probe  
  19  1:15  Probe  
  20  1:27  Nexus  
  20  1:36  Cybernetics Core  
  20  1:39  Probe  
  21  1:44  Assimilator  
  21  1:51  Probe  
  22  2:03  Probe  
  22  2:07  Pylon  
  23  2:15  Adept  
  23  2:18  Warp Gate  
  23  2:25  Probe  
  26  2:30  Twilight Council  
  26  2:35  Stalker  
  26  2:36  Probe  
  26  2:38  Probe  
  28  2:45  Probe  
  28  2:50  Probe  
  32  2:55  Probe, Robotics Facility  
  33  3:02  Probe  
  34  3:08  Probe  
  35  3:14  Probe  
  36  3:20  Probe  
  36  3:21  Dark Shrine  
  37  3:27  Probe, Gateway  
  37  3:30  Gateway  
  38  3:34  Warp Prism  
  38  3:36  Gateway  
  38  3:46  Probe  
  41  3:48  Probe  
  41  3:51  Assimilator  
  41  3:54  Assimilator  
  42  3:58  Pylon  
  42  3:59  Probe  
  42  4:02  Probe  
  44  4:05  Pylon  
  44  4:09  Adept  
  46  4:16  Probe  
  47  4:21  Probe  
  48  4:28  Probe  
  49  4:35  Dark Templar x4  
  57  4:39  Archon  
  57  4:43  Archon  
  57  4:45  Pylon  
  57  4:46  Probe, Pylon  
  57  4:51  Observer  
  59  4:55  Probe  
  59  4:58  Probe  
  59  4:59  Charge  
  61  5:07  Probe  
  61  5:09  Dark Templar  
  61  5:10  Probe  
  61  5:11  Warp Prism  
  60  5:20  Probe  
  55  5:22  Probe  
  55  5:25  Dark Templar  
  60  5:32  Sentry  
  60  5:33  Archon  
  62  5:38  Zealot  
  62  5:40  Probe  
  62  5:41  Pylon  
  64  5:45  Pylon  
  64  5:47  Gateway x2  
  62  5:56  Gateway  
  62  5:57  Gateway  
  62  6:04  Dark Templar x2  
  66  6:12  Pylon  
  66  6:14  Zealot x2  
  66  6:16  Archon  
  69  6:35  Pylon  
  68  6:40  Dark Templar x4  
  68  6:41  Zealot x2  
  68  6:44  Archon x2  
  80  6:50  Zealot  
  76  7:05  Zealot x3  
  82  7:11  Zealot  
  82  7:14  Zealot x4  
  90  7:17  Probe  
  87  7:36  Zealot x8  
Tags
 
Add a new tag
Caveats
  • Supply blocks, unpowered buildings, or Contaminate may cause inaccurate times.
  • Supply counts are checked every 10 seconds.